 Dungeon Crawl Stone Soup version 0.22-a0-224-g8cf3520 (webtiles) character file.

641 tidbits the Insei (level 7, 52/52 HPs)
             Began as a Gnoll Transmuter on Feb 20, 2018.
             Quit the game in the Ecumenical Temple.
             The game lasted 00:11:46 (1421 turns).

tidbits the Insei (Gnoll Transmuter)                Turns: 1421, Time: 00:11:47

Health: 52/52      AC:  3    Str: 13    XL:     7   Next: 51%
Magic:  15/15      EV: 14    Int: 17    God:
Gold:   75         SH:  0    Dex: 15    Spells: 11/17 levels left

rFire    + . .     SeeInvis .   d - +0 dagger (speed)
rCold    . . .     Gourm    .   (no shield)
rNeg     . . .     Faith    .   B - +0 leather armour (curse)
rPois    .         Spirit   .   (no helmet)
rElec    .         Reflect  .   (no cloak)
rCorr    .         Harm     .   (no gloves)
MR       .....                  (no boots)
Stlth    +++.......             (no amulet)
HPRegen  0.17/turn              l - ring of stealth
MPRegen  0.14/turn              p - ring of protection from fire

@: no status effects
A: distributed training, fangs 1, strong nose
a: no special abilities


You were in the Ecumenical Temple.
You were very hungry.

You visited 2 branches of the dungeon, and saw 7 of its levels.
You also visited: Sewer.

You collected 75 gold pieces.

Inventory:

Hand Weapons
 d - a +0 dagger of speed (weapon)
   (You took it off an orc wizard on level 3 of the Dungeon)
 o - a +0 dagger
 r - a +0 whip of electrocution
   (You took it off an orc priest on level 5 of the Dungeon)
 v - a +1 flail of draining
   (You found it on level 4 of the Dungeon)
 x - a +0 scimitar
Missiles
 a - an arrow
 i - 3 curare-tipped needles
 k - 8 tomahawks (quivered)
 m - 17 poisoned needles
Armour
 b - a +0 robe
 s - a +2 shield
 B - a cursed +0 leather armour (worn)
Jewellery
 l - a ring of stealth (left hand)
   (You found it on level 3 of the Dungeon)
 p - a ring of protection from fire (right hand)
   (You found it on level 4 of the Dungeon)
Scrolls
 f - a scroll of random uselessness {unknown}
 g - a scroll of fear {unknown}
 h - 2 scrolls of identify {unknown}
 j - 2 scrolls of noise {unknown}
 n - 2 scrolls of blinking {unknown}
 q - a scroll of teleportation {unknown}
 w - a scroll of amnesia {unknown}
Potions
 e - 4 potions of flight
 t - a potion of might
 u - a potion of invisibility
Comestibles
 c - 6 rations


   Skills:
 + Level 3.6 Fighting
 + Level 2.5 Short Blades
 + Level 2.5 Long Blades
 + Level 2.5 Axes
 + Level 2.5 Maces & Flails
 + Level 2.5 Polearms
 + Level 2.5 Staves
 + Level 2.5 Slings
 + Level 2.5 Bows
 + Level 2.5 Crossbows
 + Level 2.5 Throwing
 + Level 2.5 Armour
 + Level 5.2 Dodging
 + Level 2.5 Stealth
 + Level 2.5 Shields
 + Level 7.0 Unarmed Combat
 + Level 5.6 Spellcasting
 + Level 2.0 Conjurations
 + Level 2.0 Hexes
 + Level 2.0 Charms
 + Level 2.0 Summonings
 + Level 2.0 Necromancy
 + Level 2.0 Translocations
 + Level 4.3 Transmutations
 + Level 2.0 Fire Magic
 + Level 2.0 Ice Magic
 + Level 2.0 Air Magic
 + Level 2.0 Earth Magic
 + Level 2.0 Poison Magic
 + Level 2.7 Invocations
 + Level 2.5 Evocations


You had 11 spell levels left.
You knew the following spells:

 Your Spells              Type           Power        Failure   Level  Hunger
e - Beastly Appendage     Tmut           ###...       2%          1    None
k - Sticks to Snakes      Tmut           ###.....     4%          2    #......
p - Spider Form           Tmut/Pois      ###.......   14%         3    ##.....


Dungeon Overview and Level Annotations

Branches:
Dungeon (6/15)             Temple (1/1) D:5

Altars:
Ashenzari
Elyvilon
Fedhas
Gozag
Kikubaaqudgha
Nemelex Xobeh
Okawaru
Qazlal
Ru
Trog
Uskayaw
Vehumet
Wu Jian
Xom
Yredelemnul
Zin
The Shining One


Innate Abilities, Weirdness & Mutations

Your experience applies equally to all skills.
You have very sharp teeth.
Your uncanny sense of smell can sniff out nearby items.


Message History

Items here: )) [ †† a trident; a mace; a scale mail; an orc corpse x2
Things that are here:
a trident; a leather armour Your transformation has ended.
Your +0 dagger of speed unmelds from your body.
Your cursed +0 leather armour unmelds from your body.
Your hands tingle!
Your ball python withers and dies!
You see here a scroll labeled DAASAU YDOTEPP.
j - 2 scrolls labeled DAASAU YDOTEPP (gained 1)
Things that are here:
a trident; a leather armour
Items here: )) [ †† a trident; a mace; a scale mail; an orc corpse x2
You see here a tomahawk.
k - 6 tomahawks (gained 1)
There is an open door here.
You see here 2 tomahawks.
k - 8 tomahawks (gained 2)
There is an open door here.
Casting: Sticks to Snakes (safe; 4% risk of failure)
Confirm with . or Enter, or press ? or * to list all spells.
You turn into a venomous arachnid creature.
Your +0 dagger of speed melds into your body.
Your cursed +0 leather armour melds into your body.
You are feeling hungry.
Your transformation is almost over.
Unknown command.
You open the door.
Found a ration.
There is an open door here.
You see here a ration.
c - 6 rations (gained 1)
Found 28 stones.
Your transformation has ended.
Your +0 dagger of speed unmelds from your body.
Your cursed +0 leather armour unmelds from your body.
Your hands tingle!
Found a scroll labeled IBAUTO SUFUY.
You see here a scroll labeled IBAUTO SUFUY.
x - a scroll labeled IBAUTO SUFUY
As you read the scroll labeled IBAUTO SUFUY, it crumbles to dust.
You feel aware of your surroundings.
It was a scroll of magic mapping.
Found a stone staircase leading down.
Found a stone staircase leading down.
There is a stone staircase leading down here.
You climb downwards.
Found a scimitar.
There is a stone staircase leading up here.
Unknown command.
You see here a scimitar.
x - a scimitar
There is a stone staircase leading up here.
You climb upwards.
There is a stone staircase leading down here.
Unknown command.
Found a robe.
There is a stone staircase leading down here.
You climb downwards.
There is a stone staircase leading up here.
Unknown command.
You climb upwards.
There is a stone staircase leading down here.
Unknown command.
An orc wizard comes into view. It is wielding a dagger.
Found a ring mail.
The orc wizard shouts!
An orc comes into view. It is wielding a flail.
The orc wizard gestures wildly while chanting.
The orc wizard seems to speed up.
An orc comes into view. It is wielding a club.
The orc moves out of view.
Found a staircase to the Ecumenical Temple.
You found a teleport trap!
The orc wizard gestures at you while chanting.
You resist with some effort.
There is a staircase to the Ecumenical Temple here.
You can't go up here!
Unknown command.
The orc wizard casts a spell.
The orc wizard blinks!
You climb downwards.
Welcome to the Ecumenical Temple!
There is a staircase back to the Dungeon here.
Found a glowing golden altar of the Shining One.
Found a shimmering altar of Xom.
There is a shimmering altar of Xom here.
Found an opulent altar of Gozag.
Found a sparkling altar of Nemelex Xobeh.
Found a shattered altar of Ashenzari.
Found a white marble altar of Elyvilon.
You are feeling very hungry.
Found an iron altar of Okawaru.
Found a glowing silver altar of Zin.
Found a hide-covered altar of Uskayaw.
Found an ornate altar of the Wu Jian Council and a radiant altar of Vehumet.
Found a blossoming altar of Fedhas.
Unknown command.
Unknown command.
Are you sure you want to abandon this character and quit the game? (Confirm with "yes".)

♣.♣...♣♣ ♣
♣♣♣......♣
♣♣....._..♣
♣♣♣.♣♣♣........♣
♣♣♣♣♣...♣
♣♣...♣♣♣♣.
♣♣......♣.♣
♣♣♣♣♣ ♣♣
♣.....♣♣♣.♣♣ ♣
♣.._..♣ ♣.♣ ♣♣♣
♣♣ ♣...@.♣
♣♣.♣♣♣♣♣P♣ ♣.
♣♣...♣♣
♣.P.♣♣...♣♣♣.
♣P♣♣♣
♣♣.♣♣...♣♣....
♣♣
♣♣♣.♣♣♣♣.♣♣♣♣♣♣♣
♣♣..♣♣♣♣...♣ ♣
♣♣.♣♣♣ ♣..♣♣♣
♣.♣♣ ♣.....♣
♣♣.♣ ♣.._...♣
♣P.♣♣ ♣.....♣♣


There were no monsters in sight!

Vanquished Creatures
  A scorpion (D:5)
  2 crimson imps
  A jelly (D:5)
  4 orc priests
  2 orc wizards (D:3)
  2 worker ants
  A hound skeleton (D:5)
  7 adders
  2 river rats (Sewer)
  A shadow imp (D:5)
  An ooze (D:3)
  A worm (D:3)
  3 dart slugs
  A leopard gecko (D:4)
  6 orcs
  A ball python (D:3)
  2 giant cockroaches
  2 goblins (D:3)
  5 hobgoblins
  4 jackals
  5 kobolds
  3 quokkas
  A bat (D:3)
  A frilled lizard (D:1)
  A leopard gecko skeleton (D:4)
  7 rats
67 creatures vanquished.

Vanquished Creatures (collateral kills)
  A big kobold (Sewer)
  An orc wizard (D:4)
  A bullfrog skeleton (D:4)
  An adder (D:2)
  A dart slug (D:4)
  An orc (D:5)
  A jackal skeleton (D:4)
7 creatures vanquished.

Grand Total: 74 creatures vanquished

Notes
Turn   | Place    | Note
-------+----------+-------------------------------------------
     0 | D:1      | tidbits the Gnoll Transmuter began the quest for the Orb.
     0 | D:1      | Reached XP level 1. HP: 17/17 MP: 6/6
    59 | D:1      | Reached XP level 2. HP: 23/23 MP: 5/7
    63 | D:1      | Learned a level 2 spell: Sticks to Snakes
   113 | D:3      | Found a sacrificial altar of Ru.
   122 | D:3      | Reached skill level 5 in Spellcasting
   122 | D:3      | Reached skill level 1 in Invocations
   122 | D:3      | Reached XP level 3. HP: 17/28 MP: 4/9
   181 | D:4      | Found a basalt altar of Yredelemnul.
   213 | D:3      | Reached skill level 1 in Short Blades
   213 | D:3      | Reached skill level 1 in Long Blades
   213 | D:3      | Reached skill level 1 in Axes
   213 | D:3      | Reached skill level 1 in Maces & Flails
   213 | D:3      | Reached skill level 1 in Polearms
   213 | D:3      | Reached skill level 1 in Staves
   213 | D:3      | Reached skill level 1 in Slings
   213 | D:3      | Reached skill level 1 in Bows
   213 | D:3      | Reached skill level 1 in Crossbows
   213 | D:3      | Reached skill level 1 in Throwing
   213 | D:3      | Reached skill level 1 in Armour
   213 | D:3      | Reached skill level 1 in Stealth
   213 | D:3      | Reached skill level 1 in Shields
   213 | D:3      | Reached skill level 1 in Evocations
   258 | D:3      | Learned a level 3 spell: Spider Form
   263 | D:3      | Reached XP level 4. HP: 19/34 MP: 7/11
   271 | D:3      | Reached skill level 1 in Conjurations
   271 | D:3      | Reached skill level 1 in Hexes
   271 | D:3      | Reached skill level 1 in Charms
   271 | D:3      | Reached skill level 1 in Summonings
   271 | D:3      | Reached skill level 1 in Necromancy
   271 | D:3      | Reached skill level 1 in Translocations
   271 | D:3      | Reached skill level 1 in Fire Magic
   271 | D:3      | Reached skill level 1 in Ice Magic
   271 | D:3      | Reached skill level 1 in Air Magic
   271 | D:3      | Reached skill level 1 in Earth Magic
   271 | D:3      | Reached skill level 1 in Poison Magic
   352 | D:3      | Found a stormy altar of Qazlal.
   404 | D:3      | Reached XP level 5. HP: 7/40 MP: 5/12
   566 | D:4      | Found a glowing drain.
   578 | D:4      | Reached skill level 3 in Fighting
   579 | D:4      | Reached skill level 4 in Transmutations
   585 | Sewer    | Entered a sewer
   639 | Sewer    | Noticed a big kobold
   653 | Sewer    | Killed a big kobold
   653 | Sewer    | Reached skill level 2 in Invocations
   653 | Sewer    | Reached XP level 6. HP: 40/47 MP: 5/13
   675 | Sewer    | Found a white marble altar of Elyvilon.
   775 | D:4      | Reached skill level 5 in Dodging
   777 | D:4      | Reached skill level 2 in Short Blades
   777 | D:4      | Reached skill level 2 in Long Blades
   777 | D:4      | Reached skill level 2 in Axes
   777 | D:4      | Reached skill level 2 in Maces & Flails
   777 | D:4      | Reached skill level 2 in Polearms
   777 | D:4      | Reached skill level 2 in Staves
   777 | D:4      | Reached skill level 2 in Slings
   777 | D:4      | Reached skill level 2 in Bows
   777 | D:4      | Reached skill level 2 in Crossbows
   777 | D:4      | Reached skill level 2 in Throwing
   777 | D:4      | Reached skill level 2 in Armour
   777 | D:4      | Reached skill level 2 in Stealth
   777 | D:4      | Reached skill level 2 in Shields
   777 | D:4      | Reached skill level 2 in Evocations
   884 | D:5      | Entered Level 5 of the Dungeon
   898 | D:5      | Reached XP level 7. HP: 44/52 MP: 9/15
   950 | D:4      | Found an ancient bone altar of Kikubaaqudgha.
   989 | D:4      | Reached skill level 7 in Unarmed Combat
  1049 | D:5      | Found a bloodstained altar of Trog.
  1062 | D:5      | Reached skill level 2 in Conjurations
  1062 | D:5      | Reached skill level 2 in Hexes
  1062 | D:5      | Reached skill level 2 in Charms
  1062 | D:5      | Reached skill level 2 in Summonings
  1062 | D:5      | Reached skill level 2 in Necromancy
  1062 | D:5      | Reached skill level 2 in Translocations
  1062 | D:5      | Reached skill level 2 in Fire Magic
  1062 | D:5      | Reached skill level 2 in Ice Magic
  1062 | D:5      | Reached skill level 2 in Air Magic
  1062 | D:5      | Reached skill level 2 in Earth Magic
  1062 | D:5      | Reached skill level 2 in Poison Magic
  1081 | D:5      | HP: 4/52 [orc/mace (4)]
  1176 | D:5      | Found a staircase to the Ecumenical Temple.
  1185 | Temple   | Entered the Ecumenical Temple
  1421 | Temple   | Quit the game

Vault maps used:
D:1:      dpeg_arrival_round_b, lemuel_flame_loot_1
D:2:      minmay_door_path, lemuel_crystal_altar, trog_three_pillars_becter
D:3:      nicolae_ru_great_annihilating_truth, nicolae_overflow_hidden_temple
D:4:      kennysheep_mini_moat, old_standard_altar, gup_sewer_entry_glass,
          first_ration
D:5:      kennysheep_windowed_halls, lemuel_round_altar, temple_hall
D:6:      cheibrodos_barr_body, lemuel_crystal_altar, minmay_checkerbox
Temple:   minmay_temple_forest_path
Sewer:    sewer_kobolds

Skill      XL: |  1  2  3  4  5  6  7 |
---------------+----------------------+-----
Spellcasting   | 5 |  5.6
Invocations    | 1 2 |  2.7
Short Blades   | 1 2 |  2.5
Long Blades    | 1 2 |  2.5
Axes           | 1 2 |  2.5
Maces & Flails | 1 2 |  2.5
Polearms       | 1 2 |  2.5
Staves         | 1 2 |  2.5
Slings         | 1 2 |  2.5
Bows           | 1 2 |  2.5
Crossbows      | 1 2 |  2.5
Throwing       | 1 2 |  2.5
Armour         | 1 2 |  2.5
Stealth        | 1 2 |  2.5
Shields        | 1 2 |  2.5
Evocations     | 1 2 |  2.5
Conjurations   | 1 2 |  2.0
Hexes          | 1 2 |  2.0
Charms         | 1 2 |  2.0
Summonings     | 1 2 |  2.0
Necromancy     | 1 2 |  2.0
Translocations | 1 2 |  2.0
Fire Magic     | 1 2 |  2.0
Ice Magic      | 1 2 |  2.0
Air Magic      | 1 2 |  2.0
Earth Magic    | 1 2 |  2.0
Poison Magic   | 1 2 |  2.0
Fighting       | 3 |  3.6
Transmutations | 4 |  4.3
Dodging        | 5 |  5.2
Unarmed Combat | 7 |  7.0

Action                   |  1- 3 |  4- 6 |  7- 9 || total
-------------------------+-------+-------+-------++-------
Melee: Unarmed           |    40 |    91 |    31 ||   162
       Headbutt          |     9 |       |       ||     9
       Bite              |     1 |     1 |       ||     2
       Dagger            |       |     4 |     7 ||    11
       Punch             |       |       |     1 ||     1
 Cast: Beastly Appendage |     9 |       |       ||     9
       Sticks to Snakes  |     2 |     6 |     2 ||    10
       Spider Form       |     1 |    14 |     4 ||    19
 Abil: End Transformatio |       |     1 |       ||     1
  Use: Potion            |     3 |     4 |     1 ||     8
       Scroll            |       |       |     1 ||     1
 Stab: Paralysed         |     1 |       |       ||     1
       Sleeping          |       |     4 |     2 ||     6
       Distracted        |       |     1 |       ||     1
  Eat: Chunk             |       |     1 |     1 ||     2
Armor: Robe              |     5 |       |       ||     5
       Skin              |       |     2 |       ||     2
Dodge: Dodged            |    24 |    69 |    26 ||   119

Table legend:
 A = Spawn XP
 B = Non-spawn XP
 C = Spawn XP percentage of total XP
 D = Spawn monster count
 E = Non-spawn monster count
 F = Spawn count percentage of total count
 G = Total turns spent on level
                    A         B        C        D         E        F      G
               +---------+---------+-------+---------+---------+-------+---------
         Total |       0 |     916 |   0.0 |       0 |      74 |   0.0 |  1421
               +---------+---------+-------+---------+---------+-------+---------
           D:1 |       0 |      11 |   0.0 |       0 |       5 |   0.0 |    76
           D:2 |       0 |      10 |   0.0 |       0 |       2 |   0.0 |    61
           D:3 |       0 |     173 |   0.0 |       0 |      27 |   0.0 |   352
           D:4 |       0 |     288 |   0.0 |       0 |      18 |   0.0 |   323
           D:5 |       0 |     313 |   0.0 |       0 |      11 |   0.0 |   237
         Sewer |       0 |     121 |   0.0 |       0 |      11 |   0.0 |   127
               +---------+---------+-------+---------+---------+-------+---------

Table legend:
 A = Turns spent in this place as a percentage of turns spent in the entire game.
 B = Non-inter-level travel turns spent in this place as a percentage of non-inter-level travel turns spent in the entire game.
 C = Inter-level travel turns spent in this place as a percentage of turns spent in this place.
 D = Turns resting spent in this place as a percentage of non-inter-level travel turns spent in this place.
 E = Turns spent auto-exploring this place as a percentage of non-inter-level travel turns spent in this place.
 F = Non-inter-level travel turns spent in this place divided by the number of levels of this place that you've seen.
                   A       B       C       D       E      F
               +-------+-------+-------+-------+-------+----------------------
         Total | 100.0 | 100.0 |   1.2 |   0.0 |   0.0 | 175.5
       Dungeon |  74.5 |  75.4 |   0.0 |   0.0 |   0.0 | 176.3
        Temple |  16.6 |  15.6 |   7.2 |   0.0 |   0.0 | 219.0
         Sewer |   8.9 |   9.0 |   0.0 |   0.0 |   0.0 | 127.0
               +-------+-------+-------+-------+-------+----------------------

Table legend:
 A = Kills in this place as a percentage of kills in entire the game.
 B = Kills by you in this place as a percentage of kills by you in the entire game.
 C = Kills by friends in this place as a percentage of kills by friends in the entire game.
 D = Other kills in this place as a percentage of other kills in the entire game.
 E = Experience gained in this place as a percentage of experience gained in the entire game.
 F = Experience gained in this place divided by the number of levels of this place that you have seen.
                   A       B       C       D       E      F
               +-------+-------+-------+-------+-------+----------------------
         Total | 100.0 | 100.0 | 100.0 |   N/A | 100.0 | 114.5
       Dungeon |  85.1 |  85.1 |  85.7 |   N/A |  86.8 | 132.5
         Sewer |  14.9 |  14.9 |  14.3 |   N/A |  13.2 | 121.0
               +-------+-------+-------+-------+-------+----------------------

Vault maps used:
D:1:      dpeg_arrival_round_b, lemuel_flame_loot_1
D:2:      minmay_door_path, lemuel_crystal_altar, trog_three_pillars_becter
D:3:      nicolae_ru_great_annihilating_truth, nicolae_overflow_hidden_temple
D:4:      kennysheep_mini_moat, old_standard_altar, gup_sewer_entry_glass,
          first_ration
D:5:      kennysheep_windowed_halls, lemuel_round_altar, temple_hall
D:6:      cheibrodos_barr_body, lemuel_crystal_altar, minmay_checkerbox
Temple:   minmay_temple_forest_path
Sewer:    sewer_kobolds
